 Dungeon Crawl Stone Soup version 0.20.1-1-g8b1a95d (webtiles) character file.

48905 Swalk the Ripper (level 14, -6/69 HPs)
             Began as a Felid Venom Mage on Jan 24, 2019.
             Was the Champion of Elyvilon.
             Shot with an arrow by a centaur warrior (29 damage)
             ... on level 2 of the Orcish Mines.
             The game lasted 03:50:01 (50792 turns).

Swalk the Ripper (Felid Venom Mage)                Turns: 50792, Time: 03:50:02

Health: -6/69      AC:  4    Str:  7    XL:     14   Next: 14%
Magic:  2/26       EV: 31    Int: 19    God:    Elyvilon [******]
Gold:   2419       SH:  0    Dex: 26    Spells: 3/28 levels left
                                        Lives:  0   Deaths: 2

rFire    + + .     SeeInvis +     - Unarmed
rCold    + + .     Gourm    .   (shield unavailable)
rNeg     . . .     Faith    .   (armour unavailable)
rPois    .         Spirit   .   (helmet unavailable)
rElec    .         Reflect  .   (cloak unavailable)
rCorr    .         Harm     .   (gloves unavailable)
MR       +++..                  (boots unavailable)
Stlth    +++++.....             l - amulet of rage
Regen    0.3/turn               P - ring of Xytaogria {Wiz *Corrode rF+ Int+2 Dex+4}
MPRegen  0.2/turn               m - +3 ring of protection

@: corroded, quick
A: no armour, no weapons or thrown items, stealth, claws 1, fangs 3, iridescent
scales 1, see invisible, blink, carnivore 3, cold resistance 1, fire resistance
1, speed 1, magic resistance 1, shaggy fur 3, slow metabolism 1, strong 1, sharp
paws
a: Blink, Lesser Healing, Heal Other, Purification, Greater Healing, Divine
Vigour, Divine Protection, Renounce Religion, Evoke Berserk Rage


You were on level 2 of the Orcish Mines.
You worshipped Elyvilon.
Elyvilon was exalted by your worship.
You were completely stuffed.

You visited 5 branches of the dungeon, and saw 25 of its levels.
You also visited: Labyrinth and Ice Cave.

You collected 2724 gold pieces.
You spent 305 gold pieces at shops.

Inventory:

Jewellery
 l - an amulet of rage (around neck)
 m - a +3 ring of protection (right paw)
 v - an uncursed ring of protection from cold
 x - an uncursed ring of ice
 N - an uncursed ring of protection from magic
 P - the ring of Xytaogria (left paw) {Wiz *Corrode rF+ Int+2 Dex+4}
   (You found it in a labyrinth)

   [ring of wizardry]

   It improves your spell success rate.
   It affects your intelligence (+2).
   It affects your dexterity (+4).
   It protects you from fire.
   It may corrode you when you take damage.
 T - the ring "Fuetorih" {rF+ rC+ rN++ Str+3 Dex+4}
   (You found it on level 2 of the Lair of Beasts)

   [ring of dexterity]

   It affects your strength (+3).
   It affects your dexterity (+4).
   It protects you from fire.
   It protects you from cold.
   It greatly protects you from negative energy.
 W - an uncursed ring of resist corrosion
Wands
 a - a wand of lightning (0/15)
 n - a wand of digging (19/24)
 p - a wand of iceblast (9/15)
 S - a wand of confusion (16/48)
Scrolls
 d - 2 scrolls of recharging
 e - 6 scrolls of teleportation
 f - 2 scrolls of magic mapping
 i - 9 scrolls of remove curse
 s - a scroll of holy word
 t - 3 scrolls of blinking
 y - 4 scrolls of immolation
 J - 3 scrolls of fog
Potions
 c - 4 potions of flight
 g - 3 potions of agility
 j - 3 potions of heal wounds
 o - a potion of ambrosia
 q - a potion of degeneration {unknown}
 r - 5 potions of resistance
 w - 10 potions of curing
 z - 2 potions of haste
 A - 2 potions of brilliance
 B - a potion of cancellation {unknown}
 D - a potion of lignification {unknown}
 G - a potion of might {unknown}
 H - 3 potions of magic
 O - a potion of experience {unknown}
Books
 C - a book of Ice

   Spells                             Type                      Level
   a - Ice Form                       Ice/Transmutation            4
   b - Metabolic Englaciation         Hexes/Ice                    5
   c - Ozocubu's Refrigeration        Ice                          6
   d - Bolt of Cold                   Conjuration/Ice              6
   e - Freezing Cloud                 Conjuration/Ice/Air          6
   f - Simulacrum                     Ice/Necromancy               6
Miscellaneous
 u - a lightning rod (4/4)
Comestibles
 b - 7 meat rations
 h - 3 chunks of flesh
 k - 4 royal jellies


   Skills:
 - Level 12.0 Fighting
 - Level 11.7 Dodging
 - Level 7.4 Stealth
 - Level 15.0 Unarmed Combat
 + Level 7.6 Spellcasting
 - Level 2.4 Conjurations
 - Level 2.2 Hexes
 * Level 9.9 Transmutations
 - Level 2.0 Fire Magic
 - Level 3.2 Air Magic
 * Level 6.8 Earth Magic
 - Level 8.4 Poison Magic
 - Level 3.0 Invocations
 - Level 8.0 Evocations


You had 3 spell levels left.
You knew the following spells:

 Your Spells              Type           Power        Failure   Level  Hunger
a - Apportation           Tloc           #.....       4%          1    None
b - Poisonous Vapours     Pois/Air       ####..       1%          2    None
c - Mephitic Cloud        Conj/Pois/Air  ####....     1%          3    #......
d - Olgreb's Toxic Radia  Pois           #####...     1%          4    ###....
e - Ignite Poison         Fire/Tmut/Pois ####....     1%          3    #......
f - Summon Butterflies    Summ           #.......     4%          1    None
g - Statue Form           Tmut/Erth      #####....    17%         6    ######.
h - Confusing Touch       Hex            ###...       1%          1    None
i - Ice Form              Ice/Tmut       ####....     4%          4    ###....


Dungeon Overview and Level Annotations

Branches:
Dungeon (15/15)            Temple (1/1) D:6            Lair (6/6) D:11
  Swamp (0/4) Lair:3       Spider (0/4) Lair:4        Slime (1/5) Lair:6
    Orc (2/2) D:10            Elf (0/3) Orc:2        Vaults (0/5) D:13
 Depths: D:15

Altars:
Ashenzari
Cheibriados
Dithmenos
Elyvilon
Fedhas
Gozag
Hepliaklqana
Kikubaaqudgha
Makhleb
Nemelex Xobeh
Okawaru
Qazlal
Ru
Sif Muna
Trog
Uskayaw
Vehumet
Xom
Yredelemnul
Zin
The Shining One

Shops:
D:4 *   D:13 }[(   D:14 !

Annotations:
D:2 exclusion: downstairs
D:3 1 runed door, Orville's ghost, amateur FeVM
D:4 exclusions: downstairs and phantom
D:6 exclusion: downstairs
D:9 exclusion: hornet
D:13 exclusion: 2 downstairs
D:14 exclusion: downstairs
Lair:1 exclusion: downstairs
Lair:3 exclusion: oklob plant
Orc:1 exclusion: 2 downstairs


Innate Abilities, Weirdness & Mutations

You cannot wear armour.
You are incapable of wielding weapons or throwing items.
Your paws allow you to move quietly. (Stealth)
You have sharp claws.
You have razor-sharp teeth.
You have supernaturally acute eyesight. (SInv)
You are carnivorous and can eat meat at any time.
You cover ground quickly.
Your thick and shaggy fur keeps you warm. (AC +3, rC+)
You have a slow metabolism.
Your sharp claws are effective at attacking unaware monsters.
You are partially covered in iridescent scales. (AC +2)
You can translocate small distances at will.
Your flesh is cold resistant. (rC+)
Your flesh is heat resistant. (rF+)
You are resistant to hostile enchantments. (MR+)
Your muscles are strong. (Str +2)


Message History

Okay, then.
Casting: Olgreb's Toxic Radiance
Confirm with . or Enter, or press ? or * to list all spells.
You don't have enough magic to cast that spell.
Unknown command.
The centaur warrior shoots an arrow.
The arrow hits you!
Your corrosive artefact corrodes you!
You see here an arrow.
You feel much better.
The centaur warrior shoots an arrow.
The arrow barely misses you.
Some of the chunks of flesh in your inventory have rotted away.
The centaur warrior shoots an arrow.
The arrow hits you!!
Things that are here:
2 arrows; a bolt You see here 2 arrows.
The centaur warrior shoots an arrow.
The arrow hits you!!
* * * LOW HITPOINT WARNING * * *
You see here an arrow.
You feel much better.
The centaur warrior shoots an arrow.
The arrow hits you!!
You die...

##.#.#....#####..#..#.#####...#
#....#.....#.###.(..#..##......
***#..)#..........(...(..#.......
,*##...........#...##.((.(.......
,,#.......#.(..(..#####.......#..
,,#.....####.((....####.......##.
.....#..###..(....(##c...[[...##o
#.####([.(.)(..).........([).....
##* #.)(..[..#.@..(()...#.......
##)..(...####(#<[....[..)....
#*#.[).(...# #(...#[.........#
##.#..#(.#.## ##...#....##.....
#..(.([(..## ##...#.######..#
##.#(<...## ##.#### ##.#
#####[### ### ##. ### ##.. *#...


You could see a centaur warrior.

Vanquished Creatures
  Gastronok (Lair:2)
  A frost giant (IceCv)
  Josephine (Lair:6)
  A minotaur (Lab)
  3 hydras
  Erolcha (D:12)
  A vault guard (D:13)
  A catoblepas (Lair:6)
  A centaur warrior (D:13)
  A death knight (D:12)
  10 two-headed ogres
  Erica (D:9)
  7 death yaks
  2 tengu warriors (D:14)
  Nergalle (Lair:2)
  3 unseen horrors
  4 orc knights
  2 wizards (D:13)
  4 lindwurms (Lair:5)
  17 ugly things
  A manticore (D:13)
  4 orc sorcerers
  2 deep elf magi
  3 oklob plants (Lair:6)
  4 cyclopes
  Maurice (D:8)
  2 black mambas (Lair:4)
  An ice statue (IceCv)
  9 elephants (Lair:6)
  2 gargoyles
  6 komodo dragons
  10 spiny frogs
  A centaur skeleton (D:13)
  4 rime drakes
  3 freezing wraiths
  A yaktaur (D:13)
  13 polar bears
  A meliai (shapeshifter) (D:15)
  10 trolls
  A hornet (D:11)
  Prince Ribbit (D:7)
  15 slime creatures
  10 hippogriffs
  25 blink frogs
  3 shadows
  A water elemental (D:11)
  59 yaks
  2 vampires
  8 wraiths
  3 wyverns
  21 humans (D:13)
  Sigmund (D:3)
  3 basilisks
  4 golden eyes (Slime:1)
  A basilisk (shapeshifter) (D:14)
  4 hungry ghosts
  A vampire mosquito (D:12)
  4 wargs
  Menkaure (D:6)
  4 swamp worms (Lair:3)
  2 acid dragons (Lair:6)
  Duvessa (D:4)
  An acid dragon (shapeshifter) (D:14)
  2 hornet zombies
  11 water moccasins
  25 orc warriors
  7 porcupines
  A swamp drake (Lair:6)
  4 ice beasts
  2 sky beasts
  7 black bears
  11 centaurs
  A necrophage (D:7)
  40 wolves
  18 ogres
  16 crocodiles
  5 big kobolds
  18 bullfrogs
  A wyvern zombie (D:13)
  Dowan (D:4)
  4 gnoll sergeants (D:10)
  A wyvern skeleton (D:13)
  3 scorpions
  10 killer bees
  5 electric eels
  8 wights
  2 howler monkeys
  7 crimson imps
  8 centaur zombies
  A quasit (D:8)
  A bullfrog zombie (D:8)
  9 hounds
  24 orc priests
  A gnoll shaman (D:10)
  2 jellies
  4 bullfrog skeletons
  12 iguanas
  31 orc wizards
  8 worker ants
  A killer bee zombie (D:6)
  3 hound skeletons
  2 worker ant zombies
  11 gnolls
  14 adders
  2 shadow imps
  12 white imps (Orc:1)
  2 adder skeletons
  An adder zombie (D:5)
  2 worms
  A dart slug (D:1)
  5 leopard geckos
  64 orcs
  8 giant cockroaches
  5 hobgoblins
  14 jackals
  4 quokkas
  2 ball pythons
  8 bats
  4 frilled lizards
  7 goblins
  11 kobolds
  2 leopard gecko skeletons
  A quokka skeleton (D:5)
  7 rats
821 creatures vanquished.

Vanquished Creatures (others)
  A rime drake (Lair:6)
  A polar bear (IceCv)
  A yak (IceCv)
  7 wolves (IceCv)
  66 fungi
  39 plants
115 creatures vanquished.

Grand Total: 936 creatures vanquished

Notes
Turn   | Place    | Note
-------+----------+-------------------------------------------
     0 | D:1      | Swalk the Felid Venom Mage began the quest for the Orb.
     0 | D:1      | Reached XP level 1. HP: 7/7 MP: 4/4
   528 | D:1      | Reached XP level 2. HP: 7/11 MP: 4/6
   646 | D:1      | Learned a level 2 spell: Poisonous Vapours
  2173 | D:2      | Reached skill level 1 in Air Magic
  2173 | D:2      | Reached XP level 3. HP: 14/14 MP: 2/7
  2352 | D:2      | Found a stormy altar of Qazlal.
  3286 | D:2      | Learned a level 3 spell: Mephitic Cloud
  3332 | D:3      | Noticed Orville's ghost (amateur FeVM)
  3751 | D:3      | Found a faded altar of an unknown god.
  4243 | D:3      | Reached XP level 4. HP: 18/18 MP: 2/8
  4363 | D:3      | Noticed Sigmund
  4379 | D:3      | Killed Sigmund
  4379 | D:3      | Reached XP level 5. HP: 6/21 MP: 5/10
  4966 | D:3      | Gained mutation: You are covered in thick fur. (AC +2) [Felid growth]
  4966 | D:3      | Reached XP level 6. HP: 24/24 MP: 5/12
  5141 | D:3      | Learned a level 4 spell: Olgreb's Toxic Radiance
  5171 | D:3      | Reached skill level 1 in Unarmed Combat
  5699 | D:3      | Found an ancient bone altar of Kikubaaqudgha.
  5757 | D:3      | Found a runed door.
  6220 | D:4      | Found Udaentef's Assorted Antiques.
  6229 | D:4      | Bought a fine brass ring for 95 gold pieces
  6229 | D:4      | Identified the ring "Finwypsiast" {rF+ Str+2} (You bought it in a shop on level 4 of the Dungeon)
  6267 | D:4      | Noticed a hippogriff
  6287 | D:4      | Killed a hippogriff
  6287 | D:4      | Reached skill level 1 in Fighting
  6287 | D:4      | Reached skill level 2 in Unarmed Combat
  6287 | D:4      | Reached XP level 7. HP: 28/28 MP: 2/14
  6592 | D:4      | Noticed Duvessa
  6592 | D:4      | Noticed Dowan
  6619 | D:4      | Killed Duvessa
  6657 | D:4      | Reached skill level 3 in Unarmed Combat
  6879 | D:4      | Found a basalt altar of Yredelemnul.
  7268 | D:4      | Reached skill level 1 in Evocations
  7431 | D:4      | Killed Dowan
  7733 | D:5      | Entered Level 5 of the Dungeon
  8760 | D:5      | Reached skill level 1 in Conjurations
  8760 | D:5      | Reached skill level 5 in Poison Magic
  8760 | D:5      | Reached XP level 8. HP: 34/34 MP: 3/15
  8776 | D:5      | Gained mutation: You are agile. (Dex +2) [mutagenic meat]
  8777 | D:5      | Gained mutation: Your body sometimes deteriorates upon taking damage. [mutagenic meat]
  8778 | D:5      | Gained mutation: You can translocate small distances at will. [mutagenic meat]
  8779 | D:5      | Gained mutation: Your muscles are strong. (Str +2) [mutagenic meat]
  8780 | D:5      | Gained mutation: Your flesh is heat resistant. (rF+) [mutagenic meat]
  9084 | D:5      | Reached skill level 4 in Unarmed Combat
 10130 | D:6      | Found a shadowy altar of Dithmenos.
 10562 | D:6      | Gained mutation: You have a pair of small horns on your head. [mutagenic meat]
 10564 | D:6      | Gained mutation: Your flesh is cold resistant. (rC+) [mutagenic meat]
 10565 | D:6      | Noticed Menkaure
 10615 | D:6      | Killed Menkaure
 10615 | D:6      | Reached skill level 5 in Unarmed Combat
 10829 | D:6      | Found a white marble altar of Elyvilon.
 11238 | D:6      | Reached XP level 9. HP: 39/39 MP: 7/16
 11322 | D:6      | Reached skill level 6 in Unarmed Combat
 11508 | D:6      | Found a staircase to the Ecumenical Temple.
 11521 | Temple   | Entered the Ecumenical Temple
 11669 | D:6      | Became a worshipper of Elyvilon the Healer
 12109 | D:7      | Noticed Prince Ribbit
 12118 | D:7      | Killed Prince Ribbit
 12339 | D:7      | Reached * piety under Elyvilon
 12713 | D:8      | Reached ** piety under Elyvilon
 13150 | D:8      | Reached skill level 7 in Unarmed Combat
 13273 | D:8      | Found an iron altar of Okawaru.
 13856 | D:8      | Found a shattered altar of Ashenzari.
 13856 | D:8      | Found a hide-covered altar of Uskayaw.
 13856 | D:8      | Found a shimmering altar of Xom.
 13859 | D:8      | Found an opulent altar of Gozag.
 13860 | D:8      | Found a burning altar of Makhleb.
 13861 | D:8      | Found a sparkling altar of Nemelex Xobeh.
 13995 | D:9      | Reached skill level 8 in Unarmed Combat
 14156 | D:9      | Noticed Maurice
 14588 | D:8      | Killed Maurice
 14588 | D:8      | Reached skill level 5 in Dodging
 14588 | D:8      | Reached XP level 10. HP: 19/43 MP: 2/17
 14830 | D:9      | Reached skill level 5 in Evocations
 15028 | D:9      | Reached skill level 5 in Fighting
 15215 | D:9      | Reached *** piety under Elyvilon
 15218 | D:9      | Found a snail-covered altar of Cheibriados.
 15867 | D:9      | Noticed Erica
 15882 | D:9      | Killed Erica
 16237 | D:9      | Reached skill level 9 in Unarmed Combat
 16446 | D:10     | Entered Level 10 of the Dungeon
 16797 | D:10     | Found a staircase to the Orcish Mines.
 16826 | D:10     | Reached skill level 10 in Unarmed Combat
 17688 | D:10     | Reached **** piety under Elyvilon
 17786 | D:10     | Reached XP level 11. HP: 48/48 MP: 18/18
 18023 | D:10     | Noticed a two-headed ogre
 18082 | D:10     | Reached skill level 11 in Unarmed Combat
 18701 | D:10     | Killed a two-headed ogre
 19001 | D:10     | Found a staircase to the Orcish Mines.
 19081 | D:10     | Noticed a five-headed hydra
 19264 | D:11     | Noticed a brown ugly thing
 19282 | D:11     | Killed a brown ugly thing
 19318 | D:11     | Noticed a brown ugly thing
 19342 | D:11     | Lost mutation: You have a pair of small horns on your head. [mutagenic meat]
 19386 | D:11     | Killed a brown ugly thing
 19386 | D:11     | Reached skill level 1 in Invocations
 19585 | D:11     | Noticed a red ugly thing
 19614 | D:11     | Killed a red ugly thing
 19619 | D:11     | Lost mutation: Your body sometimes deteriorates upon taking damage. [mutagenic meat]
 19620 | D:11     | Gained mutation: You are resistant to hostile enchantments. (MR+) [mutagenic meat]
 19621 | D:11     | Lost mutation: You are agile. (Dex +2) [mutagenic meat]
 19638 | D:11     | Noticed a two-headed ogre
 19815 | D:11     | Noticed a two-headed ogre
 19850 | D:11     | Killed a two-headed ogre
 19850 | D:11     | Reached skill level 12 in Unarmed Combat
 20395 | D:11     | Killed a two-headed ogre
 21199 | D:11     | Found a staircase to the Lair.
 21247 | D:11     | Gained mutation: Your thick and shaggy fur keeps you warm. (AC +3, rC+) [Felid growth]
 21247 | D:11     | Reached XP level 12. HP: 53/53 MP: 6/19
 21664 | D:11     | Noticed a two-headed ogre
 21725 | D:11     | Killed a two-headed ogre
 21725 | D:11     | Reached skill level 13 in Unarmed Combat
 22391 | D:12     | Noticed Erolcha
 22411 | D:12     | Killed Erolcha
 23043 | D:12     | Noticed a two-headed ogre
 23067 | D:12     | Killed a two-headed ogre
 23258 | D:12     | Reached skill level 14 in Unarmed Combat
 23627 | D:12     | Learned a level 3 spell: Ignite Poison
 23632 | D:12     | Noticed a two-headed ogre
 23650 | D:12     | Killed a two-headed ogre
 23888 | D:12     | Noticed a death knight
 23935 | D:11     | Reached skill level 5 in Stealth
 23935 | D:11     | Reached skill level 1 in Transmutations
 24765 | D:11     | Reached skill level 1 in Fire Magic
 25107 | D:12     | Reached XP level 13. HP: 54/58 MP: 15/20
 25750 | D:12     | Found a basalt altar of Yredelemnul.
 26399 | D:13     | Elyvilon protects you from harm!
 26638 | D:13     | Found Loohagg's Antique Armour Shoppe.
 26907 | D:13     | Found Xystiapu's Gadget Shop.
 26978 | D:13     | Reached ***** piety under Elyvilon
 27012 | D:13     | Found Nagedeho's Antique Weapon Boutique.
 27953 | D:13     | Reached skill level 10 in Dodging
 28086 | D:13     | Found a gate to the Vaults.
 28316 | D:13     | Reached skill level 5 in Transmutations
 30575 | D:14     | Found Girust's Distillery.
 30599 | D:14     | Reached XP level 14. HP: 64/64 MP: 5/21
 30854 | D:14     | Bought a potion of agility for 60 gold pieces
 30854 | D:14     | Bought 2 potions of heal wounds for 150 gold pieces
 31532 | D:15     | Entered Level 15 of the Dungeon
 31945 | D:15     | Gained mutation: You are partially covered in iridescent scales. (AC +2) [mutagenic meat]
 32302 | Lair:1   | Entered Level 1 of the Lair of Beasts
 32361 | Lair:1   | Reached skill level 10 in Fighting
 32791 | Lair:1   | Found a labyrinth entrance.
 32813 | Lab      | Entered a labyrinth
 33443 | Lab      | Reached ****** piety under Elyvilon
 34469 | Lab      | Got a vibrating amber ring
 34469 | Lab      | Got a clouded silver ring
 34469 | Lab      | Got a faintly glowing diamond amulet
 34471 | Lab      | Identified the amulet of Ciwnubyf {Inacc *Corrode Int+8 Dex+5 Stlth+} (You found it in a labyrinth)
 34473 | Lab      | Identified the ring of Xytaogria {Wiz *Corrode rF+ Int+2 Dex+4} (You found it in a labyrinth)
 34475 | Lab      | Identified the ring of the Crown {rN+ SInv} (You found it in a labyrinth)
 35021 | Lair:2   | Noticed Gastronok
 35209 | Lair:2   | Noticed Nergalle
 35220 | Lair:2   | Killed Nergalle
 35254 | Lair:2   | Got an ancient jade ring
 35551 | Lair:2   | Killed Gastronok
 35551 | Lair:2   | Reached skill level 15 in Unarmed Combat
 35647 | Lair:2   | Identified the ring "Fuetorih" {rF+ rC+ rN++ Str+3 Dex+4} (You found it on level 2 of the Lair of Beasts)
 35661 | Lair:2   | Learned a level 1 spell: Apportation
 35663 | Lair:2   | Learned a level 1 spell: Summon Butterflies
 35671 | Lair:2   | Learned a level 6 spell: Statue Form
 36696 | Lair:3   | Reached skill level 5 in Spellcasting
 36696 | Lair:3   | Reached skill level 1 in Earth Magic
 37532 | Lair:3   | Found a staircase to the Swamp.
 38591 | Lair:3   | Found a staircase to the Swamp.
 39002 | Lair:4   | You fall through a shaft for 2 floors!
 39002 | Lair:6   | Entered Level 6 of the Lair of Beasts
 39099 | Lair:4   | Found a hole to the Spider Nest.
 40285 | Lair:5   | Learned a level 1 spell: Confusing Touch
 40888 | Lair:5   | Identified Vogin's Collected Works on Creative Displacement
 41179 | Lair:6   | Reached XP level 15. HP: 62/71 MP: 12/24
 42347 | Lair:6   | Found a staircase to the Slime Pits.
 42399 | Lair:6   | Reached skill level 1 in Hexes
 42811 | Lair:6   | Noticed Josephine
 42827 | Lair:6   | Killed from afar by Josephine
 42828 | Lair:6   | Reached XP level 14. HP: -2/68 MP: 5/23
 42846 | Lair:6   | Reached skill level 5 in Earth Magic
 42853 | Lair:6   | Killed Josephine
 44211 | Slime:1  | Entered Level 1 of the Pits of Slime
 45189 | Orc:1    | Entered Level 1 of the Orcish Mines
 45367 | Orc:1    | Found a frozen archway.
 45430 | IceCv    | Entered an ice cave
 47977 | IceCv    | Noticed a frost giant
 47985 | IceCv    | Killed a frost giant
 48057 | IceCv    | Learned a level 4 spell: Ice Form
 48466 | Orc:1    | Found a burning altar of Makhleb.
 48665 | Orc:2    | Entered Level 2 of the Orcish Mines
 48665 | Orc:2    | Found a staircase to the Elven Halls.
 49330 | Orc:2    | Slain by an orc knight
 49331 | Orc:2    | Reached XP level 13. HP: -4/76 MP: 16/24
 49611 | Orc:2    | Reached XP level 14. HP: 54/69 MP: 16/25
 50792 | Orc:2    | Shot with an arrow by a centaur warrior

Skill      XL: |  1  2  3  4  5  6  7  8  9 10 11 12 13 14 15 |
---------------+----------------------------------------------+-----
Stealth        | 3 5 6 7 |  7.4
Poison Magic   | 3 4 5 6 7 8 |  8.4
Dodging        | 3 4 5 7 8 11 | 11.7
Air Magic      | 1 2 3 |  3.2
Spellcasting   | 3 4 7 |  7.6
Unarmed Combat | 2 3 5 8 10 12 14 15 | 15.0
Fighting       | 1 2 3 4 6 7 9 12 | 12.0
Evocations     | 2 3 4 6 7 8 |  8.0
Conjurations   | 1 2 |  2.4
Invocations    | 2 3 |  3.0
Transmutations | 1 5 9 8 |  9.9
Fire Magic     | 1 2 |  2.0
Earth Magic    | 6 |  6.8
Hexes          | 2 1 |  2.2

Action                   |  1- 3 |  4- 6 |  7- 9 | 10-12 | 13-15 || total
-------------------------+-------+-------+-------+-------+-------++-------
Melee: Unarmed           |    75 |    68 |   200 |   370 |   992 ||  1705
       Bite              |     7 |     5 |    23 |    39 |   143 ||   217
       Headbutt          |       |       |    17 |    28 |       ||    45
       Punch             |       |       |     4 |    20 |   105 ||   129
 Cast: Sting             |     8 |       |    19 |     1 |     2 ||    30
       Poisonous Vapours |    43 |    36 |   191 |   219 |   364 ||   853
       Olgreb's Toxic Ra |       |       |     1 |    78 |   241 ||   320
       Mephitic Cloud    |       |       |       |     3 |    12 ||    15
       Ignite Poison     |       |       |       |     1 |     9 ||    10
       Confusing Touch   |       |       |       |       |    14 ||    14
       Ice Form          |       |       |       |       |     5 ||     5
       Statue Form       |       |       |       |       |     2 ||     2
Invok: Heal Other        |       |       |       |     2 |       ||     2
 Abil: Evoke Berserk Rag |       |       |     3 |    13 |    16 ||    32
       Blink             |       |       |       |       |     1 ||     1
Evoke: Wand              |       |       |       |       |    10 ||    10
       Lightning rod     |       |       |       |       |     4 ||     4
  Use: Potion            |       |       |     2 |     1 |    11 ||    14
       Scroll            |       |       |       |     6 |    30 ||    36
 Stab: Sleeping          |     3 |       |     8 |     3 |    22 ||    36
       Distracted        |       |       |     2 |     1 |     4 ||     7
       Confused          |       |       |       |       |     8 ||     8
       Invisible         |       |       |       |       |     5 ||     5
  Eat: Chunk             |    17 |     4 |    36 |    62 |   124 ||   243
       Meat ration       |       |       |       |     1 |       ||     1
Armor: Skin              |     7 |     8 |    21 |    23 |    64 ||   123
Dodge: Dodged            |    80 |    56 |   168 |   316 |   965 ||  1585
